Map: Backwater LE

Players

Woogie - Winner!

  • Race: Zerg Zerg
  • League: Platinum
  • Spawn Location: 11:00

SouLReaD

  • Race: Terran Terran
  • League: Platinum
  • Spawn Location: 5:00

VOD

Have the link to the VOD?

Description

Time

  • Played on: May 13, 2018, 2:56 p.m.
  • Length: 29:05
Show
View Real Time Build Order
Export as new Build Order

Woogie Zerg - Winner!

Build Orders: Hatch First 

Get SALT Encoding   

  12  0:01  Drone  
  13  0:13  Overlord  
  13  0:18  Drone  
  14  0:32  Drone x2  
  16  0:35  Drone  
  17  0:55  Hatchery  
  17  0:56  Drone  
  17  0:59  Drone  
  18  1:08  Extractor  
  17  1:17  Spawning Pool  
  16  1:18  Drone  
  16  1:21  Drone  
  18  1:29  Drone  
  19  1:39  Overlord  
  19  1:50  Drone  
  20  2:08  Queen  
  20  2:09  Queen  
  20  2:10  Metabolic Boost  
  24  2:16  Drone x3  
  24  2:20  Zergling x2  
  28  2:27  Drone  
  29  2:31  Drone  
  29  2:39  Extractor  
  28  2:57  Zergling x2  
  28  2:58  Zergling x2  
  29  2:59  Drone x3  
  32  3:08  Hatchery  
  32  3:10  Drone x2  
  33  3:15  Overlord  
  33  3:23  Drone x2  
  33  3:24  Drone  
  36  3:35  Lair  
  36  3:36  Drone  
  36  3:37  Drone x4  
  36  3:39  Queen  
  43  3:45  Roach Warren  
  42  3:58  Drone x2  
  42  3:59  Overlord x2  
  44  4:22  Drone x3  
  47  4:29  Drone  
  47  4:30  Drone, Evolution Chamber  
  48  4:31  Evolution Chamber  
  46  4:38  Drone x2  
  46  4:39  Drone x7  
  46  4:40  Drone  
  46  4:45  Baneling Nest  
  54  4:46  Glial Reconstitution  
  54  4:51  Queen  
  56  5:00  Overlord  
  56  5:01  Zergling x2  
  56  5:02  Zergling x14  
  64  5:18  Overlord  
  64  5:19  Overlord  
  64  5:20  Zergling x2  
  64  5:21  Zergling x8  
  69  5:26  Extractor  
  69  5:27  Extractor  
  67  5:28  Baneling x3  
  67  5:29  Baneling x3  
  59  5:53  Drone  
  59  5:54  Drone x7  
  67  5:59  Zerg Melee Weapons Level 1, Zerg Ground Armor Level 1  
  67  6:03  Spire  
  65  6:24  Spore Crawler  
  65  6:25  Extractor  
  63  6:26  Extractor, Zergling x10  
  63  6:27  Zergling x20  
  77  6:36  Pneumatized Carapace  
  77  6:37  Queen x2  
  77  6:38  Overlord  
  77  6:39  Overlord x4  
  81  6:50  Drone x3  
  84  7:03  Centrifical Hooks  
  84  7:06  Drone x4  
  88  7:13  Overseer  
  70  7:45  Zergling x22  
  70  7:46  Zergling x10  
  83  8:02  Hatchery  
  82  8:07  Drone x2  
  84  8:16  Roach  
  84  8:17  Roach x7  
  98  8:29  Baneling x5  
  98  8:30  Baneling x2  
  98  8:44  Infestation Pit  
  79  9:17  Roach x11  
  79  9:18  Roach x12  
  113  9:40  Ravager  
  113  9:41  Ravager x6, Extractor  
  113  9:42  Overlord x6  
  113  9:43  Overlord  
  113  9:44  Extractor  
  113  9:45  Hive  
  118  9:46  Pathogen Glands  
  116  10:03  Mutalisk x8  
  116  10:04  Mutalisk x4  
  128  10:36  Drone x5  
  128  10:38  Drone x5  
  128  10:39  Drone  
  138  10:42  Drone  
  138  10:43  Drone x2  
  139  10:57  Roach  
  139  10:58  Roach x4  
  123  11:24  Roach  
  123  11:25  Roach x12  
  149  11:26  Roach  
  151  11:34  Queen x3  
  151  11:38  Corruptor x5  
  151  11:39  Corruptor x3  
  171  12:14  Hatchery  
  170  12:26  Overseer x3  
  155  12:50  Greater Spire  
  151  13:23  Zerg Missile Weapons Level 1  
  145  13:29  Queen x3  
  145  13:46  Drone, Extractor  
  145  13:47  Drone, Extractor  
  120  14:01  Zergling x2  
  120  14:02  Zergling x28  
  118  14:03  Zergling x16  
  118  14:05  Queen  
  128  14:29  Baneling x5  
  128  14:30  Baneling x6  
  128  14:31  Baneling x3  
  128  14:36  Drone x2  
  128  14:37  Drone  
  131  14:43  Drone x3  
  131  14:44  Queen  
  131  15:16  Zergling x24  
  131  15:17  Zergling x8  
  147  15:27  Corruptor x5  
  147  15:28  Corruptor x2  
  155  15:39  Hatchery, Baneling x5  
  155  15:40  Baneling x6  
  155  15:41  Baneling, Zergling x2  
  155  15:42  Zergling x14  
  162  15:44  Brood Lord  
  153  16:05  Brood Lord  
  127  16:34  Corruptor x4  
  127  16:35  Corruptor x2  
  127  16:38  Roach  
  127  16:39  Roach x9  
  126  16:55  Zergling x2  
  126  16:56  Zergling x12  
  133  17:12  Brood Lord  
  133  17:13  Brood Lord  
  133  17:14  Brood Lord  
  139  17:18  Brood Lord  
  139  17:20  Brood Lord  
  139  17:21  Brood Lord  
  145  17:26  Brood Lord  
  145  17:27  Brood Lord  
  151  17:30  Brood Lord  
  151  17:38  Baneling x4  
  151  17:39  Baneling x10, Zergling x4  
  151  17:40  Zergling x4  
  147  17:54  Drone  
  147  17:55  Drone x6  
  147  17:56  Drone x3  
  147  17:57  Overlord x2  
  151  18:20  Roach x8  
  151  18:21  Roach x7  
  139  18:41  Brood Lord x3  
  139  18:42  Brood Lord x2  
  139  18:44  Corruptor x2  
  151  18:52  Overseer  
  135  19:17  Drone  
  135  19:18  Drone x5  
  135  19:22  Zergling x2  
  135  19:23  Zergling x16  
  150  19:30  Hatchery  
  149  19:34  Corruptor x4  
  157  19:47  Zerg Flyer Weapons Level 1  
  157  19:49  Zerg Ground Armor Level 2  
  157  19:53  Baneling  
  157  19:54  Baneling x9  
  157  20:06  Zergling x12  
  157  20:07  Zergling x18  
  130  20:55  Roach  
  130  20:56  Roach x14  
  147  21:10  Corruptor x4  
  105  21:56  Mutalisk x10  
  105  21:57  Mutalisk x5  
  135  22:07  Drone x3  
  138  22:10  Queen  
  119  23:03  Corruptor  
  119  23:04  Corruptor x2  
  119  23:07  Mutalisk x3  
  119  23:08  Mutalisk x12  
  119  23:12  Extractor  
  148  23:13  Extractor  
  125  23:43  Drone x4  
  125  23:44  Drone x2  
  131  23:59  Spore Crawler  
  131  24:02  Spore Crawler  
  111  24:07  Zergling x2  
  111  24:08  Zergling x26  
  125  24:14  Drone x5  
  124  24:32  Hatchery, Baneling  
  124  24:33  Baneling x3  
  113  24:46  Adrenal Glands  
  100  25:02  Hatchery  
  100  25:05  Brood Lord  
  101  25:16  Extractor  
  101  25:20  Extractor  
  97  25:29  Zergling x2  
  97  25:30  Zergling x20  
  96  26:05  Zergling x26  
  96  26:06  Zergling x2  
  110  26:20  Baneling x2  
  110  26:21  Baneling x10  
  98  27:08  Baneling  
  98  27:09  Baneling x7  
  98  27:10  Zergling x2  
  98  27:11  Zergling x30  
  98  27:12  Zergling x2  
  98  27:23  Drone x4  
  98  27:24  Drone  
  98  27:33  Brood Lord  
  98  28:22  Corruptor x3  
  98  28:23  Corruptor x4  
  98  28:27  Queen x2  
  98  28:30  Drone x2  
  98  28:31  Drone  
Show
View Real Time Build Order
Export as new Build Order

SouLReaD Terran 

Build Orders: Reaper Expand, MMM Bio 

Get SALT Encoding   

  12  0:01  SCV  
  13  0:13  SCV  
  14  0:17  Supply Depot  
  14  0:25  SCV  
  15  0:39  SCV  
  15  0:40  Barracks  
  16  0:45  Refinery  
  16  0:51  SCV  
  17  1:03  SCV  
  18  1:15  SCV  
  19  1:28  Orbital Command, Reaper  
  20  1:47  Command Center  
  20  1:55  SCV  
  20  1:59  Barracks  
  21  2:09  Refinery  
  21  2:13  Supply Depot  
  21  2:14  Barracks Reactor  
  21  2:17  SCV  
  22  2:28  Factory  
  22  2:38  SCV  
  23  2:57  Barracks Tech Lab  
  23  2:58  Marine x2  
  23  2:59  Orbital Command  
  25  3:06  SCV  
  26  3:13  Starport  
  26  3:15  Factory Reactor  
  26  3:16  Marine x2  
  26  3:18  SCV  
  29  3:26  Stimpack  
  29  3:27  SCV  
  29  3:30  SCV  
  29  3:34  Marine  
  31  3:35  Marine  
  33  3:49  Marine  
  33  3:51  Marine  
  33  3:52  Marine  
  36  3:57  SCV  
  37  4:03  Supply Depot  
  37  4:04  Supply Depot  
  37  4:06  Medivac x2  
  37  4:09  SCV, Marine  
  43  4:10  Marine  
  43  4:16  SCV  
  45  4:21  SCV  
  46  4:24  Marine  
  46  4:27  Supply Depot  
  46  4:29  SCV  
  48  4:33  SCV  
  48  4:35  Supply Depot  
  49  4:38  Factory Reactor  
  49  4:41  SCV  
  49  4:45  SCV  
  51  4:58  Marine  
  51  4:59  Marine x2  
  54  5:03  Refinery  
  54  5:04  Bunker  
  54  5:08  SCV  
  54  5:10  SCV  
  54  5:13  Supply Depot  
  56  5:14  Command Center  
  56  5:16  Marine  
  56  5:17  Marine  
  56  5:20  SCV  
  59  5:22  Medivac, SCV  
  59  5:27  Combat Shields  
  62  5:32  SCV  
  62  5:34  SCV, Marine x2  
  65  5:44  SCV  
  64  5:52  Marine  
  64  5:55  Marine, Widow Mine x2  
  70  6:01  Bunker, Supply Depot x2  
  70  6:03  Refinery, SCV x2  
  72  6:09  Medivac, Marauder  
  72  6:10  Marine  
  72  6:13  Marine  
  72  6:15  SCV  
  72  6:16  Widow Mine  
  74  6:21  Medivac  
  76  6:28  Marine  
  76  6:30  Marauder  
  76  6:31  Orbital Command, Marine  
  80  6:33  SCV x2  
  82  6:44  Barracks x3  
  82  6:45  SCV x2, Marine  
  85  6:48  Engineering Bay  
  85  6:49  Marine  
  86  6:57  SCV  
  87  7:03  Marine  
  87  7:06  SCV x2  
  90  7:09  SCV  
  91  7:17  Widow Mine x2  
  91  7:18  SCV  
  91  7:19  Terran Infantry Weapons Level 1  
  91  7:21  SCV  
  95  7:23  Armory  
  95  7:25  Engineering Bay  
  91  7:30  SCV  
  91  7:34  Orbital Command  
  81  7:46  Marine x6  
  85  8:04  Marine x3  
  90  8:05  Barracks Reactor  
  90  8:07  Barracks Reactor  
  90  8:09  Barracks Reactor  
  90  8:12  Terran Infantry Armor Level 1  
  88  8:15  Refinery  
  88  8:17  Refinery  
  88  8:18  Unknown  
  88  8:22  Marine x3  
  91  8:32  SCV  
  91  8:33  SCV x2  
  94  8:39  Supply Depot x3  
  94  8:40  Marine x2  
  96  8:41  Supply Depot  
  96  8:42  Supply Depot  
  96  8:44  SCV, Marine x5, Supply Depot  
  96  8:45  Marine x2, SCV  
  105  8:57  Marine  
  105  8:58  Marine  
  105  9:02  Marine x7  
  95  9:15  SCV x3, Marine  
  94  9:27  SCV x2  
  94  9:28  SCV  
  97  9:32  Marine x8  
  97  9:33  Marine  
  97  9:34  Medivac x2  
  110  9:50  Marine x7, Terran Infantry Weapons Level 2  
  115  9:54  Liberator x2  
  111  10:05  Terran Vehicle Weapons Level 1  
  111  10:13  Marine x2  
  112  10:30  Marine x2  
  112  10:34  Marine  
  112  10:35  Marine x7  
  117  10:37  Liberator  
  118  10:48  Marine  
  119  10:52  Marine x2  
  119  10:53  Marine x6  
  119  10:54  Medivac  
  118  11:10  Missile Turret, SCV x3  
  118  11:11  Missile Turret  
  121  11:13  Missile Turret  
  119  11:20  Liberator  
  119  11:22  SCV x2  
  119  11:23  SCV  
  119  11:24  Medivac  
  124  11:26  Marine x2  
  124  11:27  Marine x8  
  134  11:37  Liberator  
  137  11:44  Marine x6  
  134  11:52  Marine x4  
  130  12:02  Marine  
  131  12:12  Marine x2  
  131  12:13  Marine x7  
  131  12:14  Widow Mine  
  142  12:17  SCV x3  
  142  12:20  Marine  
  146  12:29  SCV x2, Command Center  
  146  12:30  SCV, Marine x2  
  146  12:31  Marine x3  
  146  12:36  Widow Mine  
  153  12:38  Liberator  
  153  12:41  SCV  
  153  12:42  SCV x2  
  155  12:53  Marine  
  155  12:54  Marine x4  
  163  13:03  Supply Depot  
  163  13:04  Supply Depot x2  
  163  13:06  Supply Depot  
  163  13:07  Liberator  
  163  13:10  Siege Tank  
  166  13:35  Terran Infantry Weapons Level 3  
  166  13:36  Terran Infantry Armor Level 2  
  154  13:43  Siege Tank  
  154  13:46  Marine x2  
  154  13:47  Marine x4  
  154  13:48  Marine x2  
  142  14:25  Marine x3  
  142  14:26  Marine x2  
  147  14:34  Liberator x2  
  147  14:36  Marine  
  147  14:37  Marine x4  
  152  14:50  Marine x3  
  152  14:52  Widow Mine  
  158  15:12  Marine  
  158  15:13  Marine x9, Widow Mine  
  157  15:16  Terran Vehicle Weapons Level 2  
  157  15:17  Liberator x2  
  155  15:30  Marine x2  
  155  15:31  Marine x6  
  155  15:35  Widow Mine  
  171  15:51  Marine x5  
  171  15:52  Marine x3  
  171  15:56  Widow Mine  
  160  16:17  Medivac x2, Marine  
  160  16:18  Marine x5, Widow Mine  
  142  16:19  Marine  
  142  16:20  Marine x3  
  141  16:31  Planetary Fortress, Refinery  
  141  16:35  Marine x2  
  141  16:36  Marine x4  
  147  16:47  Medivac x2  
  135  16:55  Refinery  
  135  17:16  Medivac  
  135  17:17  Medivac, Marine x4  
  135  17:18  Marine x6  
  135  17:20  Widow Mine  
  151  17:35  Marine x4  
  151  17:36  Marine x4  
  159  17:41  Widow Mine  
  161  17:46  Medivac, Marine x2  
  161  17:47  Medivac  
  167  17:53  Marine x5  
  169  18:02  Widow Mine  
  171  18:16  Medivac x2  
  165  18:24  Widow Mine  
  116  18:40  Marine x8  
  116  18:41  Marine x2  
  117  18:46  Medivac  
  112  18:58  Marine x7  
  93  19:21  Marine x10  
  93  19:23  Siege Tank  
  106  19:24  Medivac x2  
  106  19:26  Terran Infantry Armor Level 3  
  110  19:37  Liberator x2  
  110  19:38  Marine  
  110  19:39  Marine x6  
  117  19:47  Marine  
  117  19:48  Marine x2  
  120  19:55  Siege Tank  
  120  19:56  Marine  
  120  19:57  Marine x4  
  134  20:00  Marine x2  
  134  20:01  Orbital Command  
  134  20:05  Marine x2  
  127  20:27  Siege Tank  
  128  20:37  Viking x2  
  83  21:13  Marine  
  83  21:14  Marine x9  
  83  21:15  Medivac x2  
  81  21:24  SCV x2  
  74  21:31  Marine x3  
  74  21:32  Marine x6  
  81  21:36  SCV x2  
  80  21:44  Marine  
  81  21:48  SCV x2  
  81  21:49  Marine x8  
  81  21:50  Marine  
  92  22:00  SCV  
  94  22:02  Marine  
  94  22:07  Marine x6  
  100  22:10  Orbital Command  
  100  22:12  SCV  
  98  22:39  Marine x3  
  98  22:40  Medivac, Marine x3  
  98  22:41  Medivac  
  82  23:10  Medivac  
  84  23:21  Liberator  
  84  23:23  Liberator  
  74  23:36  Marine  
  74  23:37  Marine x5  
  85  23:42  SCV  
  86  24:00  Orbital Command  
  70  24:57  SCV x2  
  67  25:09  SCV  
  67  25:10  SCV  
  69  25:15  Marine x5  
  74  25:21  SCV  
  74  25:22  SCV  
  74  25:28  Marine x3  
  60  25:59  Marine x4  
  60  26:00  Marine x5  
  60  26:01  Medivac x2  
  60  26:02  SCV x2  
  69  26:08  Refinery  
  69  26:12  Factory  
  69  26:13  Factory  
  69  26:15  SCV x2  
  69  26:16  Thor  
  75  26:37  SCV  
Tags
 
Add a new tag
Caveats
  • Supply blocks, unpowered buildings, or Contaminate may cause inaccurate times.
  • Supply counts are checked every 10 seconds.